 Dungeon Crawl Stone Soup version 0.29-a0-838-g385bb11a5b (webtiles) character file.

Game seed: 731705376053499367

391 IdlyInterested the Cudgeller (level 6, -2/44 HPs)
             Began as a Demonspawn Gladiator on July 13, 2022.
             Slain by an ogre
             ... wielding a +0 giant club
              (27 damage)
             ... on level 4 of the Dungeon.
             The game lasted 00:08:52 (3412 turns).

IdlyInterested the Cudgeller (Demonspawn Gladiator) Turns: 3412, Time: 00:08:53

Health: -2/44      AC:  6    Str: 16    XL:     6   Next: 50%
Magic:  5/5        EV: 10    Int: 10    God:
Gold:   144        SH:  0    Dex: 14    Spells: 5/5 levels left

rFire   . . .      SeeInvis .   a - +1 flail
rCold   . . .      Faith    .   (no shield)
rNeg    . . .      Spirit   .   o - +0 scale mail
rPois   .          Reflect  .   (helmet restricted)
rElec   .          Harm     .   (no cloak)
rCorr   +          Rampage  .   (no gloves)
Will    +....                   (no boots)
Stlth   ..........              (no amulet)
HPRegen 0.14/turn               k - ring of resist corrosion
MPRegen 0.09/turn               m - ring of willpower

@: mighty
A: demonic guardian 1, weakness stinger 2, antennae 1, low MP 1
a: no special abilities


You were on level 4 of the Dungeon.
You visited 1 branch of the dungeon, and saw 4 of its levels.

You collected 144 gold pieces.

Inventory:

Hand Weapons
 a - a +1 flail (weapon)
Missiles
 d - 2 throwing nets
 e - a javelin
 f - 10 poisoned darts (quivered)
 s - 6 boomerangs
Armour
 c - a +0 helmet
 j - a +2 robe of the Archmagi
 o - a +0 scale mail (worn)
 p - a +0 helmet
Jewellery
 b - a ring of ice
 k - a ring of resist corrosion (left hand)
 m - a ring of willpower (right hand)
Scrolls
 q - a scroll of fear
 r - a scroll of amnesia
 u - a scroll of vulnerability
 v - a scroll of enchant weapon
Potions
 g - a potion of heal wounds
 h - a potion of attraction
 i - a potion of mutation
 l - 2 potions of curing
 t - a potion of lignification {unknown}


   Skills:
 * Level 2.1 Fighting
 * Level 5.8 Maces & Flails
 - Level 1.7 Throwing
 + Level 2.4 Armour
 - Level 2.6 Dodging
 - Level 1.0 Stealth
 - Level 1.0 Evocations


You had 5 spell levels left.
You didn't know any spells.
Your spell library contained the following spells:

 Spells                   Type           Power      Damage    Failure   Level
 Gell's Gravitas          Tloc           0%         N/A       99%         3
 Lesser Beckoning         Tloc           0%         N/A       99%         3
 Teleport Other           Tloc           0%         N/A       99%         3
 Fulminant Prism          Conj/Hex       0%         3d6       100%        4
 Iskenderun's Mystic Bla  Conj/Tloc      0%         2d3       100%        4
 Lee's Rapid Deconstruct  Erth           0%         3d5*      100%        5


Dungeon Overview and Level Annotations

Branches:
Dungeon (4/15)
 Temple: D:4-7

Altars:


Innate Abilities, Weirdness & Mutations

A weak demonic guardian rushes to your aid.
You have a tail ending in a sharp stinger.
You have a pair of small antennae on your head.
Your magical capacity is low. (-10% MP)


Message History

You miss something. Something hits you but does no damage.
You hit something but do no damage. Something hits you but does no damage.
You hit something. You tail-slap something. Your punch misses something.
Something hits you.
You miss something. You tail-slap something.
Something hits you but does no damage.
You miss something.
Your tail-slap misses something.
Something hits you. Something barely misses your white imp.
Something closely misses your white imp.
The ogre attacks as you move away! The ogre closely misses you.
The adder attacks as you move away! The adder bites you but does no damage.
Your white imp hits the adder.
Your white imp freezes the adder.
The ogre hits you with a +0 giant club!
* * * LOW HITPOINT WARNING * * *
The adder attacks as you move away! The adder barely misses you. x2
Something barely misses your white imp.
Your white imp misses the adder.
The adder attacks as you move away! The adder bites you.
* * * LOW HITPOINT WARNING * * *
You feel much better. The adder barely misses you.
The adder bites you but does no damage.
You feel very mighty all of a sudden.
Your white imp hits the adder.
Your white imp freezes the adder.
The adder seems to slow down.
The adder misses you.
You barely miss the adder.
The adder is almost dead.
Your white imp disappears in a puff of smoke!
The adder bites you but does no damage.
You bludgeon the adder!!
You kill the adder!
A puff of flame appears from out of thin air!
The puff of flame hits you!
A demonic guardian appears!
You sock the ogre!
The ogre is heavily wounded.
The ogre closely misses you.
Your shadow imp hits the ogre but does no damage.
You barely miss the ogre.
The ogre is heavily wounded.
The ogre hits you with a +0 giant club!!
Ouch! That really hurt!
You die...

#.####..).......$....#
#..................).#..#
#.#######......<..........
#.#......../...)..
....####.................
#.#.....(..ยง.............
#.###....{5.5{...........
#.#.....#O########.......
####....####@# .......
#....#..# #.# ...... #
###......## #.## ....
###.........# #..#
#...#....##.#####.####.#
#.# #...###............#
#.###...# ###............
.<..#...######......#####
###...........)........


You could see an ogre (ally target) and a friendly shadow imp (summoned).

Vanquished Creatures
  A scorpion (D:4)
  Terence (D:3)
  Robin (D:2)
  4 adders
  An ufetubus (D:4)
  A dart slug (D:1)
  6 ball pythons
  5 endoplasms
  3 giant cockroaches
  4 goblins
  9 hobgoblins
  6 jackals
  5 quokkas
  8 bats
  3 frilled lizards
  4 kobolds
  3 rats
65 creatures vanquished.

Vanquished Creatures (collateral kills)
  Sigmund (D:2)
  An adder (D:2)
  5 goblins (D:2)
  2 hobgoblins (D:2)
9 creatures vanquished.

Grand Total: 74 creatures vanquished

Notes
Turn   | Place    | Note
-------+----------+-------------------------------------------
     0 | D:1      | IdlyInterested the Demonspawn Gladiator began the quest for
                  | the Orb.
     0 | D:1      | Reached XP level 1. HP: 16/16 MP: 1/1
   201 | D:1      | Reached skill level 3 in Maces & Flails
   204 | D:1      | Gained mutation: A weak demonic guardian rushes to your
                  | aid. [demonic ancestry]
   204 | D:1      | Reached XP level 2. HP: 17/22 MP: 2/2
   461 | D:1      | Found a faded altar of an unknown god.
   555 | D:1      | Reached skill level 1 in Armour
   969 | D:1      | Reached XP level 3. HP: 26/27 MP: 3/3
  1339 | D:2      | Noticed Sigmund
  1349 | D:2      | HP: 1/27 [Sigmund/magic dart (7)]
  1350 | D:2      | Killed Sigmund
  1351 | D:2      | Reached skill level 5 in Maces & Flails
  1351 | D:2      | Gained mutation: You have a small tail. [demonic ancestry]
  1351 | D:2      | Reached XP level 4. HP: 2/33 MP: 4/4
  1351 | D:2      | Reached XP level 5. HP: 2/38 MP: 5/5
  1836 | D:2      | Noticed Robin
  1859 | D:2      | Killed Robin
  1889 | D:2      | Reached skill level 1 in Stealth
  1904 | D:2      | Gained mutation: You have a tail ending in a sharp stinger.
                  | [demonic ancestry]
  1904 | D:2      | Reached XP level 6. HP: 10/44 MP: 6/6
  2565 | D:3      | Noticed Terence
  2583 | D:3      | Killed Terence
  3039 | D:4      | Gained mutation: Your magical capacity is low. (-10% MP)
                  | [potion of mutation]
  3039 | D:4      | Gained mutation: You have a pair of small antennae on your
                  | head. [potion of mutation]
  3120 | D:4      | Reached skill level 1 in Evocations
  3412 | D:4      | Slain by an ogre

Illustrated notes

Levels and vault maps discovered:
D:1:      wander_arrival_peaceful_grave, layout_basic,
          hellmonk_ecumenical_altar_arch_garden
D:2:      layout_rooms, basic_altar, uniq_sigmund, uniq_robin
D:3:      layout_basic, uniq_terence
D:4:      layout_rooms, beargit_hepliaklqana_dungeon_heroes

Skill      XL: |  1  2  3  4  5  6 |
---------------+-------------------+-----
Maces & Flails | 3 5 |  5.8
Armour         | 1 2 |  2.4
Stealth        | 1 |  1.0
Evocations     | 1 |  1.0
Fighting       | |  2.1
Throwing       | |  1.7
Dodging        | |  2.6

Action                   |  1- 3 |  4- 6 || total
-------------------------+-------+-------++-------
Melee: Flail             |    92 |   120 ||   212
       Tailslap          |       |    12 ||    12
       Punch             |       |     4 ||     4
Throw: Throwing net      |     1 |       ||     1
       Dart              |       |     1 ||     1
  Use: Scroll            |     2 |     4 ||     6
       Potion            |       |     6 ||     6
 Stab: Sleeping          |     1 |       ||     1
       Held in net/web   |     3 |       ||     3
Armor: Leather armour    |    53 |    19 ||    72
       Scale mail        |       |    34 ||    34
       Robe              |       |     6 ||     6
Dodge: Dodged            |    71 |    84 ||   155

Table legend: (Time is in decaauts)
 A = Elapsed time spent in this place.
 B = Non-inter-level travel time spent in this place.
 C = Inter-level travel time spent in this place.
 D = Time resting spent in this place.
 E = Time spent auto-exploring this place.
 F = Levels seen in this place.
 G = Mean time per level.
                   A        B        C        D        E       F      G
               +--------+--------+--------+--------+--------+-----+--------+
         Total |   3447 |   3338 |    109 |   1155 |   1388 |   4 |  861.8 |
       Dungeon |   3447 |   3338 |    109 |   1155 |   1388 |   4 |  861.8 |
               +--------+--------+--------+--------+--------+-----+--------+

Top non-repeatable levels by time:
     D:1: 1285 daAuts
     D:2: 1270 daAuts
     D:3: 510 daAuts
     D:4: 381 daAuts
